SNL (28 & UNDER)
BLACKIRON DRAGONS @ MEMPHIS BLUES
06/14/2023
 
TOP OF THE 1ST
BlackIron Dragons batting - Pitching for Memphis Blues : RHP Paul Lewis
Pitching: RHP Paul Lewis
Batting: RHB Dallas Blair 0-0: Ball
1-0: Ball
2-0: Bunted foul
2-1: Ground out 6-3 (Groundball, 6)
Batting: RHB José Colón 0-0: Ball
1-0: Swinging Strike
1-1: SINGLE (Groundball, 56)
Batting: RHB Robert Buckley 0-0: Ball
1-0: Ball
2-0: Called Strike
2-1: Swinging Strike
2-2: Strikes out swinging
Batting: RHB Jonah Duncan 0-0: Foul Ball, location: 2F
0-1: Ball
1-1: Ground out 4-3 (Groundball, 34)
Top of the 1st over - 0 run(s), 1 hit(s), 0 error(s), 1 left on base; BlackIron 0 - Memphis 0
BOTTOM OF THE 1ST
Memphis Blues batting - Pitching for BlackIron Dragons : LHP Pedro Valdés
Pitching: LHP Pedro Valdés
Batting: LHB Félix García 0-0: Bunt missed!
0-1: Foul Ball, location: 2F
0-2: DOUBLE (Line Drive, 7LS)
Batting: RHB Sadao Kato 0-0: Called Strike
0-1: Fly out, F9 (Flyball, 89M)
Batting: RHB Peyton Pennington 0-0: DOUBLE (Flyball, 9LM)
Félix García scores
Batting: RHB Dave O'Neill 0-0: Called Strike
Peyton Pennington steals 3rd base
0-1: Foul Ball, location: 2F
0-2: Ball
1-2: DOUBLE (Flyball, 89D)
Peyton Pennington scores
Batting: RHB John Phillips 0-0: Foul Ball, location: 2F
0-1: Called Strike
0-2: Ball
1-2: Ball
2-2: SINGLE (Line Drive, 6MD)
Dave O'Neill to third
Batting: RHB Glenn Johnson 0-0: Foul Ball, location: 2F
0-1: Foul Ball, location: 2F
0-2: Ball
1-2: Ball
2-2: Ball
3-2: Fly out, F8 (Flyball, 8RD)
Runner from 3rd tags up, SCORES, no throw
Batting: RHB Raúl Perales 0-0: Called Strike
0-1: Ball
1-1: Ball
2-1: Ball
3-1: Foul Ball, location: 2F
3-2: Strikes out swinging
Bottom of the 1st over - 3 run(s), 4 hit(s), 0 error(s), 1 left on base; BlackIron 0 - Memphis 3
TOP OF THE 2ND
BlackIron Dragons batting - Pitching for Memphis Blues : RHP Paul Lewis
Batting: RHB Cole Ball 0-0: Swinging Strike
0-1: Fly out, F7 (Flyball, 78D)
Batting: RHB Edgardo Carrasco 0-0: Ball
1-0: Called Strike
1-1: Ball
2-1: Foul Ball, location: 2F
2-2: Ball
3-2: Fly out, F8 (Flyball, 89M)
Batting: RHB Leroy Jamison 0-0: Ball
1-0: Called Strike
1-1: Called Strike
1-2: Ball
2-2: Foul Ball, location: 2F
2-2: Fly out, F9 (Flyball, 9M)
Top of the 2nd over - 0 run(s), 0 hit(s), 0 error(s), 0 left on base; BlackIron 0 - Memphis 3
BOTTOM OF THE 2ND
Memphis Blues batting - Pitching for BlackIron Dragons : LHP Pedro Valdés
Batting: LHB Kieran Farris 0-0: Foul Ball, location: 2F
0-1: Ball
1-1: Fly out, F7 (Flyball, 7M)
Batting: RHB Dale O'Feennaghty 0-0: Ball
1-0: Swinging Strike
1-1: Bunted foul
1-2: Ground out 4-3 (Groundball, 4M)
Batting: LHB Félix García 0-0: Foul Ball, location: 2F
0-1: Foul Ball, location: 2F
0-2: Ball
1-2: Foul Ball, location: 2F
1-2: SINGLE (Groundball, 3S)
Batting: RHB Sadao Kato 0-0: Ball
1-0: Called Strike
1-1: Ground out 5-3 (Groundball, 56)
Bottom of the 2nd over - 0 run(s), 1 hit(s), 0 error(s), 1 left on base; BlackIron 0 - Memphis 3
TOP OF THE 3RD
BlackIron Dragons batting - Pitching for Memphis Blues : RHP Paul Lewis
Batting: RHB Joaquín Rosales 0-0: Foul Ball, location: 2F
0-1: Foul Ball, location: 2F
0-2: Ground out 6-3 (Groundball, 6)
Batting: RHB Boyd Pittman 0-0: Fly out, F6 (Popup, 4MD)
Batting: RHB Dallas Blair 0-0: DOUBLE (Groundball, 5L)
Batting: RHB José Colón 0-0: Called Strike
0-1: Ball
1-1: Ball
2-1: Foul Ball, location: 2F
2-2: Strikes out looking
Top of the 3rd over - 0 run(s), 1 hit(s), 0 error(s), 1 left on base; BlackIron 0 - Memphis 3
BOTTOM OF THE 3RD
Memphis Blues batting - Pitching for BlackIron Dragons : LHP Pedro Valdés
Batting: RHB Peyton Pennington 0-0: Called Strike
0-1: Ball
1-1: Foul Ball, location: 2F
1-2: Foul Ball, location: 2F
1-2: DOUBLE (Line Drive, 7LD)
Batting: RHB Dave O'Neill 0-0: Ball
Peyton Pennington steals 3rd base
1-0: Ball
2-0: Foul Ball, location: 2F
2-1: Called Strike
2-2: Fly out, F3 (Popup, 3DF)
Batting: RHB John Phillips 0-0: Foul Ball, location: 2F
0-1: Ball
1-1: Called Strike
Steal of home, Peyton Pennington is safe
1-2: Foul Ball, location: 2F
1-2: Ball
2-2: Foul Ball, location: 2F
2-2: Foul Ball, location: 2F
2-2: Ball
3-2: Foul Ball, location: 2F
3-2: Base on Balls
Batting: RHB Glenn Johnson 0-0: Ball
1-0: Ball
2-0: Ball
3-0: Base on Balls
John Phillips to second
Batting: RHB Raúl Perales 0-0: Foul Ball, location: 2F
0-1: Ball
1-1: Called Strike
1-2: Foul Ball, location: 2F
1-2: Strikes out swinging
Batting: LHB Kieran Farris 0-0: Ball
1-0: Swinging Strike
1-1: Ground out 1-3 (Groundball, 34S)
Bottom of the 3rd over - 1 run(s), 1 hit(s), 0 error(s), 2 left on base; BlackIron 0 - Memphis 4
TOP OF THE 4TH
BlackIron Dragons batting - Pitching for Memphis Blues : RHP Paul Lewis
Batting: RHB Robert Buckley 0-0: Called Strike
0-1: Fly out, F7 (Flyball, 7LD)
Batting: RHB Jonah Duncan 0-0: SINGLE (Groundball, 5D)
Batting: RHB Cole Ball 0-0: Ball
1-0: Called Strike
1-1: Fly out, F8 (Flyball, 8LD)
Batting: RHB Edgardo Carrasco 0-0: Ground out 5-3 (Groundball, 5S)
Top of the 4th over - 0 run(s), 1 hit(s), 0 error(s), 1 left on base; BlackIron 0 - Memphis 4
BOTTOM OF THE 4TH
Memphis Blues batting - Pitching for BlackIron Dragons : LHP Pedro Valdés
Batting: RHB Dale O'Feennaghty 0-0: Called Strike
0-1: Ball
1-1: Ball
2-1: Called Strike
2-2: Foul Ball, location: 2F
2-2: Ball
3-2: Strikes out swinging
Batting: LHB Félix García 0-0: Called Strike
0-1: Ball
1-1: SINGLE (Line Drive, 89S)
Batting: RHB Sadao Kato 0-0: Ball
1-0: Ball
2-0: Called Strike
2-1: Ball
3-1: Swinging Strike
3-2: Base on Balls
Félix García to second
Batting: RHB Peyton Pennington 0-0: Ball
1-0: Called Strike
1-1: Ball
2-1: Foul Ball, location: 2F
2-2: Ball
3-2: Base on Balls
Félix García to third
Sadao Kato to second
Pitching: RHP Jayson Simms
Batting: RHB Dave O'Neill 0-0: Ball
1-0: Called Strike
1-1: Grounds into double play, 4-6-3 (Groundball, 4)
Bottom of the 4th over - 0 run(s), 1 hit(s), 0 error(s), 2 left on base; BlackIron 0 - Memphis 4
TOP OF THE 5TH
BlackIron Dragons batting - Pitching for Memphis Blues : RHP Paul Lewis
Batting: RHB Leroy Jamison 0-0: Swinging Strike
0-1: Ball
1-1: Called Strike
1-2: Strikes out swinging
Batting: RHB Joaquín Rosales 0-0: Ball
1-0: Called Strike
1-1: Foul Ball, location: 2F
1-2: Ball
2-2: Foul Ball, location: 2F
2-2: Ball
3-2: Base on Balls
Batting: RHB Boyd Pittman 0-0: Fly out, F9 (Flyball, 9S)
Batting: RHB Dallas Blair 0-0: Ball
1-0: Swinging Strike
1-1: SINGLE (Groundball, 34D)
Joaquín Rosales to second
Runner from 2nd tries for 3rd, SAFE, no throw or cutoff
Batting: RHB José Colón 0-0: Called Strike
0-1: Ball
1-1: Ball
Wild Pitch!
Joaquín Rosales scores
Dallas Blair to second
2-1: Ball
3-1: Called Strike
3-2: Foul Ball, location: 2F
3-2: Foul Ball, location: 2F
3-2: Fly out, F7 (Flyball, 78M)
Top of the 5th over - 1 run(s), 1 hit(s), 0 error(s), 1 left on base; BlackIron 1 - Memphis 4
BOTTOM OF THE 5TH
Memphis Blues batting - Pitching for BlackIron Dragons : RHP Jayson Simms
Batting: RHB John Phillips 0-0: Foul Ball, location: 2F
0-1: Ball
1-1: Ball
2-1: Ball
3-1: Fly out, F4 (Popup, 6MD)
Batting: RHB Glenn Johnson 0-0: Fly out, F4 (Line Drive, 4D)
Batting: RHB Raúl Perales 0-0: Ball
1-0: DOUBLE (Line Drive, 7LS)
Batting: LHB Kieran Farris 0-0: Called Strike
0-1: Hit by Pitch
Batting: RHB Dale O'Feennaghty 0-0: Foul Ball, location: 2F
0-1: Ball
1-1: Ball
2-1: Ball
3-1: Foul Ball, location: 2F
3-2: Fly out, F8 (Line Drive, 8LM)
Bottom of the 5th over - 0 run(s), 1 hit(s), 0 error(s), 2 left on base; BlackIron 1 - Memphis 4
TOP OF THE 6TH
BlackIron Dragons batting - Pitching for Memphis Blues : RHP Paul Lewis
Batting: RHB Robert Buckley 0-0: Ball
1-0: Ball
2-0: Fly out, F4 (Popup, 6MD)
Batting: RHB Jonah Duncan 0-0: SINGLE (Groundball, 56)
Batting: RHB Cole Ball 0-0: Ball
1-0: Ball
2-0: Ball
3-0: Called Strike
3-1: Fly out, F9 (Line Drive, 89M)
Batting: RHB Edgardo Carrasco 0-0: Called Strike
0-1: Ground out 5-3 (Groundball, 15S)
Top of the 6th over - 0 run(s), 1 hit(s), 0 error(s), 1 left on base; BlackIron 1 - Memphis 4
BOTTOM OF THE 6TH
Memphis Blues batting - Pitching for BlackIron Dragons : RHP Jayson Simms
Batting: LHB Félix García 0-0: Ball
1-0: Ball
2-0: Ball
3-0: Base on Balls
Batting: RHB Sadao Kato 0-0: Ball
1-0: Foul Ball, location: 2F
1-1: Foul Ball, location: 2F
1-2: Strikes out swinging
Félix García steals 2nd base
Batter strikes out.
Batting: RHB Peyton Pennington 0-0: Ball
1-0: Ball
Félix García steals 3rd base
2-0: SINGLE (Flyball, 7LS)
Félix García scores
Batting: RHB Dave O'Neill 0-0: Ball
1-0: Ball
2-0: Ball
3-0: Called Strike
3-1: Called Strike
3-2: DOUBLE (Line Drive, 7D)
Peyton Pennington to third
Peyton Pennington scores
Batting: RHB John Phillips 0-0: Ball
Dave O'Neill steals 3rd base
1-0: Called Strike
1-1: Fly out, F8 (Flyball, 8LXD)
Runner from 3rd tags up, SCORES, no throw
Batting: RHB Glenn Johnson 0-0: Ball
1-0: Called Strike
1-1: Swinging Strike
1-2: Ball
2-2: Strikes out swinging
Bottom of the 6th over - 3 run(s), 2 hit(s), 0 error(s), 0 left on base; BlackIron 1 - Memphis 7
TOP OF THE 7TH
BlackIron Dragons batting - Pitching for Memphis Blues : RHP Paul Lewis
Batting: RHB Leroy Jamison 0-0: Ball
1-0: Called Strike
1-1: Swinging Strike
1-2: Strikes out swinging
Batting: RHB Joaquín Rosales 0-0: Ball
1-0: Called Strike
1-1: Swinging Strike
1-2: Fly out, F3 (Popup, 34)
Batting: RHB Boyd Pittman 0-0: Called Strike
0-1: Ball
1-1: Swinging Strike
1-2: SOLO HOME RUN (Flyball, 89XD), Distance : 430 ft
Batting: RHB Dallas Blair 0-0: SINGLE (Line Drive, 56S)
Batting: RHB José Colón 0-0: Ball
Pickoff Throw to First - Error! E1
Dallas Blair to second
1-0: Ball
2-0: Ground out 6-3 (Groundball, 6)
Top of the 7th over - 1 run(s), 2 hit(s), 1 error(s), 1 left on base; BlackIron 2 - Memphis 7
BOTTOM OF THE 7TH
Memphis Blues batting - Pitching for BlackIron Dragons : RHP Jayson Simms
Pitching: RHP Simón Amejorado
Batting: RHB Raúl Perales 0-0: Swinging Strike
0-1: SINGLE (Line Drive, 7S)
Batting: LHB Kieran Farris 0-0: Bunted foul
0-1: Reached on error, E1 (Groundball, 13)
Raúl Perales to third
Batting: RHB Dale O'Feennaghty 0-0: Called Strike
0-1: Swinging Strike
0-2: Strikes out swinging
Batting: LHB Félix García 0-0: Ball
1-0: DOUBLE (Flyball, 89XD)
Raúl Perales scores
Kieran Farris scores
Batting: RHB Sadao Kato 0-0: Called Strike
0-1: Ball
1-1: Foul Ball, location: 2F
1-2: Ground out 5-3 (Groundball, 5)
Batting: RHB Peyton Pennington 0-0: Foul Ball, location: 2F
0-1: Ball
1-1: Called Strike
1-2: Ball
Wild Pitch!
Félix García to third
2-2: Ball
3-2: Base on Balls
Batting: RHB Dave O'Neill 0-0: Called Strike
0-1: SINGLE (Line Drive, 6MD)
Félix García scores
Peyton Pennington to second
Runner from 2nd tries for 3rd, OUT after rundown.
Bottom of the 7th over - 3 run(s), 3 hit(s), 1 error(s), 1 left on base; BlackIron 2 - Memphis 10
TOP OF THE 8TH
BlackIron Dragons batting - Pitching for Memphis Blues : RHP Paul Lewis
Pitching: LHP Robert Flannery
Batting: RHB Robert Buckley 0-0: Ball
1-0: Ball
2-0: Ball
3-0: Called Strike
3-1: Base on Balls
Batting: RHB Jonah Duncan 0-0: Called Strike
0-1: Swinging Strike
0-2: Ball
1-2: SINGLE (Groundball, 56S)
Robert Buckley to second
Batting: RHB Cole Ball 0-0: Called Strike
0-1: Ball
1-1: SINGLE (Groundball, 6)
Robert Buckley to third
Jonah Duncan to second
Batting: RHB Edgardo Carrasco 0-0: Called Strike
0-1: Fly out, F8 (Flyball, 8RM)
Runner from 3rd tags up, SCORES, throw made
Batting: RHB Leroy Jamison 0-0: Called Strike
0-1: Swinging Strike
0-2: Strikes out swinging
Batting: RHB Joaquín Rosales 0-0: Foul Ball, location: 2F
0-1: Ball
1-1: Fly out, F9 (Flyball, 9M)
Top of the 8th over - 1 run(s), 2 hit(s), 0 error(s), 2 left on base; BlackIron 3 - Memphis 10
BOTTOM OF THE 8TH
Memphis Blues batting - Pitching for BlackIron Dragons : RHP Simón Amejorado
Batting: RHB John Phillips 0-0: Ball
1-0: Ball
2-0: Ball
3-0: Base on Balls
Batting: RHB Glenn Johnson 0-0: Called Strike
0-1: SINGLE (Groundball, 6M)
John Phillips to second
Batting: RHB Raúl Perales 0-0: Foul Ball, location: 2F
0-1: Called Strike
0-2: Foul Ball, location: 2F
0-2: Foul Ball, location: 2F
0-2: Strikes out looking
Batting: LHB Kieran Farris 0-0: Ball
1-0: Foul Ball, location: 2F
1-1: Fly out, F9 (Flyball, 9M)
Batting: RHB Dale O'Feennaghty 0-0: Called Strike
0-1: Ball
1-1: Ball
2-1: Foul Ball, location: 2F
2-2: Ball
3-2: Base on Balls
John Phillips to third
Glenn Johnson to second
Batting: LHB Félix García 0-0: Foul Ball, location: 2F
0-1: Ball
1-1: DOUBLE (Line Drive, 3D)
John Phillips scores
Glenn Johnson scores
Dale O'Feennaghty to third
Runner from 3rd tries for Home, SAFE, no throw or cutoff
Pitching: LHP José Gonzáles
Batting: RHB Sadao Kato 0-0: Ball
1-0: Swinging Strike
1-1: Ball
2-1: SINGLE (Groundball, 6MD)
Félix García to third
Runner from 3rd tries for Home, SAFE, no throw or cutoff
Batting: RHB Peyton Pennington 0-0: Called Strike
0-1: Swinging Strike
0-2: Ball
1-2: Foul Ball, location: 2F
1-2: Ball
2-2: Foul Ball, location: 2F
2-2: Strikes out swinging
Bottom of the 8th over - 4 run(s), 3 hit(s), 0 error(s), 1 left on base; BlackIron 3 - Memphis 14
TOP OF THE 9TH
BlackIron Dragons batting - Pitching for Memphis Blues : LHP Robert Flannery
Now at C: Elliott Rucker
Now at 3B: Iván García
Now at SS: Brent Crawford
Batting: RHB Boyd Pittman 0-0: SINGLE (Flyball, 6MD)
Batting: RHB Dallas Blair 0-0: Ball
1-0: Called Strike
1-1: Called Strike
1-2: Ball
2-2: Foul Ball, location: 2F
2-2: Grounds into double play, 6-4-3 (Groundball, 6)
Batting: RHB José Colón 0-0: Ground out 6-3 (Groundball, 6)
Top of the 9th over - 0 run(s), 1 hit(s), 0 error(s), 0 left on base; BlackIron 3 - Memphis 14
This league is powered by Out of the Park Baseball, the baseball management simulation game for PC, Mac and Linux
Wednesday, December 2nd, 2015 - OOTP Baseball 16.8 Build 38